 Dungeon Crawl Stone Soup version 0.28-a0-793-g31680bbd8b (webtiles) character file.

Game seed: 15350922571340051965

6891 kae the Grappler (level 10, -16/100 HPs)
             Began as a Red Draconian Transmuter on Nov 3, 2021.
             Was an Initiate of Ru.
             Demolished by Urug (29 damage)
             ... on level 10 of the Dungeon.
             The game lasted 00:08:32 (16068 turns).

kae the Grappler (Red Draconian Transmuter)        Turns: 16068, Time: 00:08:33

Health: -16/100    AC: 11    Str: 13    XL:     10   Next: 79%
Magic:  15/19      EV: 11    Int: 17    God:    Ru [......]
Gold:   514        SH:  0    Dex: 11    Spells: 13/21 levels left

rFire   x . .      SeeInvis .     - Unarmed
rCold   + + +      Faith    .   (shield currently unavailable)
rNeg    . . .      Spirit   .   (armour unavailable)
rPois   +          Reflect  .   (helmet currently unavailable)
rElec   .          Harm     .   (cloak currently unavailable)
rCorr   +          Rampage  .   (gloves currently unavailable)
Will    .....                   (boots currently unavailable)
Stlth   ..........              (no amulet)
HPRegen 0.26/turn               d - +4 ring of protection
MPRegen 0.16/turn               i - ring of resist corrosion

@: confused, ice-form
A: freezing attack, amphibious, boosted hp, (breathe fire), AC +7, large,
unfitting armour, (fire resistance 1), (cold-blooded), no stealth
a: End Transformation, Renounce Religion


You were on level 10 of the Dungeon.
You worshipped Ru.
Ru was noncommittal.
You were a creature of crystalline ice.
You visited 1 branch of the dungeon, and saw 10 of its levels.
You also visited: Ossuary.

You collected 613 gold pieces.
You spent 99 gold pieces at shops.

Inventory:

Armour
 b - a +0 pair of boots (melded)
Jewellery
 d - a +4 ring of protection (left front paw)
 i - a ring of resist corrosion (right front paw)
 x - a +6 ring of intelligence
Wands
 u - a wand of iceblast (14)
 y - a wand of digging (3)
 z - a wand of flame (14)
Scrolls
 g - 3 scrolls of blinking
 j - 2 scrolls of enchant weapon
 k - a scroll of summoning
 l - a scroll of noise
 m - a scroll of teleportation
 p - 3 scrolls of magic mapping
 v - 3 scrolls of identify
 A - a scroll of brand weapon {unknown}
Potions
 a - 2 potions of degeneration
 c - a potion of flight
 e - 3 potions of berserk rage
 f - a potion of magic
 h - 4 potions of heal wounds
 n - 4 potions of curing
 o - a potion of might
 q - 2 potions of attraction
 r - a potion of lignification
 s - a potion of invisibility
 t - 2 potions of brilliance
 w - a potion of mutation


   Skills:
 + Level 6.7 Fighting
 + Level 6.0 Dodging
 * Level 9.4 Unarmed Combat
 + Level 6.0 Spellcasting
 + Level 6.4 Transmutations
 - Level 5.0 Ice Magic
 - Level 2.0 Poison Magic


You had 13 spell levels left.
You knew the following spells:

 Your Spells              Type           Power      Damage    Failure   Level
a - Beastly Appendage     Tmut           54%        N/A       1%          1
b - Spider Form           Tmut/Pois      19%        N/A       7%          3
c - Ice Form              Ice/Tmut       24%        N/A       12%         4

Your spell library contained the following spells:

 Spells                   Type           Power      Damage    Failure   Level
 Wereblood                Tmut           27%        N/A       1%          2
 Frozen Ramparts          Ice            44%        1d6       4%          3
 Blink                    Tloc           10%        N/A       19%         2
 Static Discharge         Conj/Air       5%         N/A       19%         2
 Gell's Gravitas          Tloc           5%         N/A       36%         3
 Lesser Beckoning         Tloc           5%         N/A       36%         3
 Teleport Other           Tloc           5%         N/A       36%         3
 Summon Ice Beast         Ice/Summ       13%        N/A       41%         4
 Olgreb's Toxic Radiance  Pois           11%        N/A       50%         4
 Lightning Bolt           Conj/Air       2%         1d14      98%         5
 Manifold Assault         Tloc           5%         N/A       98%         5
 Ozocubu's Refrigeration  Ice            11%        4d7       100%        7
 Ignition                 Fire           2%         3d3       100%        8
 Maxwell's Capacitive Co  Air            2%         ∞         100%        8


Dungeon Overview and Level Annotations

Branches:
Dungeon (10/15)            Temple (0/1) D:7            Lair (0/6) D:8
Ossuary (visited)
    Orc: D:9-12

Altars:
Hepliaklqana
Nemelex Xobeh
Ru
Trog
Vehumet
Zin

Shops:
D:6 ?

Annotations:
D:7 3 runed translucent doors, MirrMurr's ghost, novice GnHu
D:10 Urug


Innate Abilities, Weirdness & Mutations

You are a creature of crystalline ice.
You have a powerful freezing melee attack.
You are amphibious.
Your maximum health is increased.
Your armour is entirely melded.
You are incapable of wielding weapons or throwing items.
((You can breathe blasts of fire.))
((Your fiery red scales are hard. (AC +7)))
You cannot fit into any form of body armour.
((Your flesh is heat resistant. (rF+)))
((You are cold-blooded and may be slowed by cold attacks.))
You cannot be stealthy.


Message History

The howler monkey completely misses you.
The howler monkey barely misses you.
You bump into the rock wall.
The howler monkey hits you.
The howler monkey hits you but does no damage.
You closely miss the howler monkey. Your punch misses the howler monkey.
The howler monkey is almost dead.
You bump into the rock wall.
You feel less confused.
The howler monkey hits you but does no damage.
The howler monkey hoots and howls with incredible vigour!
Casting: Ice Form (dangerous; 12% risk of failure)
Confirm with . or Enter, or press ? or * to list all spells.
You turn into a creature of crystalline ice.
Your +0 pair of boots melds into your body.
The howler monkey barely misses you. The howler monkey barely misses you.
Urug closely misses you.
You punch the howler monkey! You freeze the howler monkey.
You kill the howler monkey!
You punch Urug! You freeze Urug.
Urug is moderately wounded.
Urug misses you.
You punch Urug! You freeze Urug.
Urug is moderately wounded.
Urug zaps a wand.
You easily resist.
You hit Urug but do no damage.
Urug is moderately wounded.
Urug hits you with a +0 great sword of holy wrath!!
You hit Urug. You freeze Urug.
Urug is heavily wounded.
Urug zaps a wand.
Your will is overpowered!
You are confused.
Urug hits you with a +0 great sword of holy wrath!!
You see here a howler monkey corpse.
You hit Urug but do no damage.
Urug is heavily wounded.
Urug hits you with a +0 great sword of holy wrath!!
* * * LOW HITPOINT WARNING * * *
You bump into the rock wall.
Urug hits you with a +0 great sword of holy wrath!!
You die...

##..........#
........#...#
........#...#
............#
............#
............#
#......#
+.†....#
#.oY...#
#).##..# #..#
..# #..# ..#
########..##..#
..............#
..............#
..............#
#..............#


You could see Urug.

Vanquished Creatures
  A boulder beetle (D:8)
  A two-headed ogre (D:9)
  Pikel (D:7)
  A komodo dragon (D:8)
  A troll (D:9)
  A hornet (D:9)
  A shadow (D:6)
  A wraith (D:8)
  2 wyverns (D:9)
  A water moccasin (D:9)
  2 black bears
  2 ice beasts (D:6)
  3 orc warriors
  A necrophage (D:6)
  3 ogres
  4 centaurs
  A lemure (D:7)
  A phantom (D:5)
  4 elf zombies
  A kobold brigand (D:9)
  2 bullfrogs
  A scorpion (D:5)
  2 gnoll sergeants
  An elf skeleton (D:5)
  8 killer bees (D:9)
  5 howler monkeys
  A wight (D:6)
  An electric eel (D:8)
  A hound (D:4)
  3 jellies
  A gnoll shaman (D:6)
  A human zombie (D:5)
  4 orc priests
  A bullfrog zombie (D:5)
  3 centaur zombies
  4 bullfrog skeletons
  A human skeleton (D:5)
  3 iguanas
  3 orc wizards
  3 killer bee zombies
  3 hound zombies
  A hound skeleton (D:4)
  3 mummies (Ossuary)
  A howler monkey zombie (D:7)
  15 gnolls
  2 howler monkey skeletons
  7 adders
  2 shadow imps
  2 white imps (D:6)
  2 ufetubi
  2 adder zombies (Ossuary)
  An adder skeleton (D:4)
  3 worms
  A dart slug (D:2)
  26 orcs
  5 bats
  6 endoplasms
  3 giant cockroaches
  2 gnoll zombies (Ossuary)
  4 goblins (D:2)
  6 hobgoblins
  3 jackals (D:5)
  6 quokkas
  3 ball pythons
  3 frilled lizards
  6 goblin zombies (Ossuary)
  3 hobgoblin zombies (Ossuary)
  2 jackal zombies (Ossuary)
  9 kobolds
  6 kobold zombies (Ossuary)
  An orc skeleton (D:5)
  3 orc zombies
  2 quokka zombies (Ossuary)
  10 rats
  3 rat zombies (Ossuary)
  A butterfly (D:7)
240 creatures vanquished.

Vanquished Creatures (others)
  4 fungi (D:8)
  4 plants (D:8)
8 creatures vanquished.

Grand Total: 248 creatures vanquished

Notes
Turn   | Place    | Note
-------+----------+-------------------------------------------
     0 | D:1      | kae the Draconian Transmuter began the quest for the Orb.
     0 | D:1      | Reached XP level 1. HP: 16/16 MP: 3/3
   254 | D:1      | Reached XP level 2. HP: 21/23 MP: 5/5
  1189 | D:2      | HP: 1/23 [worm (6)]
  1660 | D:2      | Reached XP level 3. HP: 10/29 MP: 4/6
  2510 | D:2      | Reached XP level 4. HP: 36/36 MP: 5/7
  2757 | D:3      | Found a radiant altar of Vehumet.
  2793 | D:3      | Found a faded altar of an unknown god.
  2913 | D:3      | Learned a level 3 spell: Spider Form
  3328 | D:3      | Found a bloodstained altar of Trog.
  3727 | D:3      | Reached skill level 4 in Unarmed Combat
  4029 | D:3      | Reached XP level 5. HP: 36/42 MP: 8/8
  4124 | D:4      | Reached skill level 1 in Poison Magic
  4485 | D:4      | Reached XP level 6. HP: 30/50 MP: 10/10
  4525 | D:4      | Identified the +4 hunting sling of Sycheasch {speed, rC-
                  | Str+6}
  5259 | D:4      | You fall into a shaft and drop 1 floor!
  5259 | D:5      | Entered Level 5 of the Dungeon
  5314 | D:5      | Reached skill level 5 in Unarmed Combat
  5314 | D:5      | Your scales start taking on a fiery red colour.
  5314 | D:5      | Reached XP level 7. HP: 24/57 MP: 7/11
  5314 | D:5      | Gained mutation: Your flesh is heat resistant. (rF+) [Red
                  | Draconian growth]
  5508 | D:5      | Found a sand-covered staircase.
  5570 | Ossuary  | Entered an ossuary
  5576 | Ossuary  | Learned a level 4 spell: Ice Form
  5919 | Ossuary  | Reached skill level 1 in Ice Magic
  6268 | Ossuary  | Reached XP level 8. HP: 62/66 MP: 13/13
  6355 | Ossuary  | Reached skill level 6 in Unarmed Combat
  6916 | D:5      | Found a glowing silver altar of Zin.
  8223 | D:6      | Found Sathrewk's Magic Scroll Shoppe.
  8249 | D:6      | Bought a scroll of noise for 11 gold pieces
  8249 | D:6      | Bought a scroll of identify for 22 gold pieces
  8249 | D:6      | Bought a scroll of identify for 22 gold pieces
  8249 | D:6      | Bought a scroll of identify for 22 gold pieces
  8249 | D:6      | Bought a scroll of identify for 22 gold pieces
  8788 | D:6      | Reached XP level 9. HP: 41/71 MP: 15/15
  8837 | D:6      | Reached skill level 7 in Unarmed Combat
  9677 | D:6      | Reached skill level 5 in Fighting
 10622 | D:7      | Reached skill level 5 in Transmutations
 11573 | D:7      | Found a runed translucent gate.
 11574 | D:7      | Found a runed translucent gate.
 11575 | D:7      | Noticed a kobold demonologist
 11575 | D:7      | Found a runed translucent gate.
 11575 | D:7      | Noticed MirrMurr's ghost (novice GnHu)
 11611 | D:7      | Noticed Pikel
 11612 | D:7      | Found a staircase to the Ecumenical Temple.
 11642 | D:7      | Killed Pikel
 11643 | D:7      | Reached skill level 5 in Dodging
 11643 | D:7      | Reached skill level 5 in Spellcasting
 11769 | D:7      | Reached skill level 8 in Unarmed Combat
 12191 | D:8      | Found a staircase to the Lair.
 12192 | D:8      | Noticed a komodo dragon
 12212 | D:8      | Killed a komodo dragon
 12486 | D:8      | Found a hazy altar of Hepliaklqana.
 12542 | D:8      | Noticed a boulder beetle
 12826 | D:8      | Reached XP level 10. HP: 83/83 MP: 13/17
 12869 | D:8      | Killed a boulder beetle
 12870 | D:8      | Reached skill level 5 in Ice Magic
 13124 | D:8      | Found a sparkling altar of Nemelex Xobeh.
 13347 | D:8      | Found a sacrificial altar of Ru.
 13413 | D:8      | Became a worshipper of Ru the Awakened
 13511 | D:9      | Noticed a two-headed ogre
 13525 | D:9      | Killed a two-headed ogre
 14163 | D:9      | Reached skill level 9 in Unarmed Combat
 15438 | D:9      | Gained mutation: You cannot be stealthy. [Ru sacrifice]
 15845 | D:10     | Entered Level 10 of the Dungeon
 16048 | D:10     | Noticed Urug
 16068 | D:10     | Demolished by Urug

Illustrated notes

Levels and vault maps discovered:
D:1:      moated_graveyard_arrival, layout_loops_cross
D:2:      layout_rooms
D:3:      layout_basic, general_overflow_altar, nicolae_vehumet_altar_sigil,
          serial_glass, glass_columns_a, glass_columns_a, glass_columns_a,
          chequers_ecumenical_altar_simple, kennysheep_minor_cross,
          minmay_close_crescents
D:4:      layout_rooms
D:5:      layout_layer_cave, lemuel_round_altar,
          nicolae_ossuary_entry_catacombs, st_stairs_3,
          chequers_serial_rivers_micro_a, grunt_tough_drop
D:6:      minmay_inner_zag, layout_basic, serial_shops, nicolae_stop_n_shop_1,
          kennysheep_generic_room_13
D:7:      layout_cave_pools, tgw_xom, minmay_temple_entry_butterflies,
          gammafunk_ghost_nasty_kobolds, uniq_pikel
D:8:      layout_gridville, mainiacjoe_overflow_six_doors_small,
          nicolae_ru_the_path_less_chosen, mainiacjoe_overflow_alcove_4,
          david_lair_shrubbed, fungi_pond_lemuel, minivault_5
D:9:      layout_layer_cave, chequers_arboretum
D:10:     layout_stronghold, orc_0_dummy, uniq_urug, uniq_grum, uniq_psyche

Skill      XL: |  1  2  3  4  5  6  7  8  9 10 |
---------------+-------------------------------+-----
Dodging        | 2 3 4 5 6 |  6.0
Fighting       | 2 3 4 5 6 |  6.7
Unarmed Combat | 4 5 6 8 9 |  9.4
Poison Magic   | 1 2 |  2.0
Spellcasting   | 3 4 5 6 |  6.0
Transmutations | 3 4 5 6 |  6.4
Ice Magic      | 1 3 4 5 |  5.0

Action                   |  1- 3 |  4- 6 |  7- 9 | 10-12 || total
-------------------------+-------+-------+-------+-------++-------
Melee: Unarmed           |   118 |   172 |   472 |   132 ||   894
       Tailslap          |    10 |    15 |    29 |     4 ||    58
       Kick              |    17 |    13 |    30 |       ||    60
       Punch             |     3 |     1 |    10 |     1 ||    15
       Headbutt          |    11 |    11 |    20 |       ||    42
 Cast: Beastly Appendage |    26 |    17 |    12 |       ||    55
       Spider Form       |       |    10 |    17 |       ||    27
       Ice Form          |       |       |    23 |    15 ||    38
Invok: Sacrifice Stealth |       |       |       |     1 ||     1
 Abil: Breathe Fire      |       |       |    13 |     1 ||    14
Evoke: Wand              |       |       |     2 |       ||     2
  Use: Scroll            |     4 |     1 |    15 |     1 ||    21
       Potion            |       |       |     1 |       ||     1
 Stab: Sleeping          |     2 |       |     1 |       ||     3
Armor: Skin              |    41 |    62 |   179 |    59 ||   341
Dodge: Dodged            |    82 |   140 |   315 |   101 ||   638

Table legend: (Time is in decaauts)
 A = Elapsed time spent in this place.
 B = Non-inter-level travel time spent in this place.
 C = Inter-level travel time spent in this place.
 D = Time resting spent in this place.
 E = Time spent auto-exploring this place.
 F = Levels seen in this place.
 G = Mean time per level.
                   A        B        C        D        E       F      G
               +--------+--------+--------+--------+--------+-----+--------+
         Total |  15991 |  15725 |    266 |    995 |  12705 |  11 | 1453.7 |
       Dungeon |  15094 |  14828 |    266 |    876 |  12149 |  10 | 1509.4 |
       Ossuary |    897 |    897 |      0 |    119 |    556 |   1 |  897.0 |
               +--------+--------+--------+--------+--------+-----+--------+

Top non-repeatable levels by time:
     D:6: 2938 daAuts
     D:9: 2379 daAuts
     D:5: 2038 daAuts
     D:3: 1574 daAuts
     D:1: 1458 daAuts
     D:8: 1320 daAuts
     D:2: 1212 daAuts
     D:4: 1006 daAuts
     D:7: 948 daAuts
 Ossuary: 897 daAuts
    D:10: 218 daAuts
